[Event "Titled Tuesday Blitz March 21 Early 2023"]
[White "Karas, Marek"]
[Black "Ashraf, Artin"]
[WhiteFideId "14928558"]
[BlackFideId "22514805"]
[WhiteElo "2233"]
[BlackElo "2188"]
[Result "0-1"]
[Round "05"]
[TimeControl "180+2"]
[Date "2023.03.21"]
[WhiteClock "0:00:02"]
[BlackClock "0:00:04"]

1. d4 d5 2. Nf3 Bf5 3. Bf4 e6 4. e3 c5 5. dxc5 Bxc5 6. c4 Nf6 7. Nc3 O-O 8. cxd5 exd5 9. Be2 Nc6 10. O-O d4 11. exd4 Nxd4 12. Nxd4 Bxd4 13. Qb3 Be6 14. Qa4 Qb6 15. Qb5 Qxb5 16. Bxb5 Bxc3 17. bxc3 Rfc8 18. Be5 Rc5 19. Bxf6 gxf6 20. a4 Rxc3 21. h3 Rac8 22. Rfb1 R8c7 23. a5 f5 24. Be2 Bd5 25. Bf1 Kg7 26. Rb5 Be6 27. Kh2 Rc2 28. f3 Kf6 29. Rab1 Bc8 30. R5b2 Rxb2 31. Rxb2 Rc5 32. Ra2 Be6 33. Ra4 Bd5 34. Kg3 Rc1 35. Bd3 Rd1 36. Be2 Rd2 37. Bf1 Bc6 38. Ra3 a6 39. Bc4 h6 40. Rc3 Rb2 41. Bxa6 Ra2 42. Bf1 Rxa5 43. Rb3 Kg5 44. h4+ Kf6 45. Rb4 Ra1 46. Be2 Rc1 47. Bd3 Ke5 48. Be2 Bd5 49. Kf2 Rc2 50. Ke3 f4+ 51. Kd3 Ra2 52. Bf1 Ra1 53. Be2 Rg1 54. Rb5 Rxg2 55. Kd2 Kd6 56. Kd3 Rh2 57. Rb4 Rxh4 58. Rb6+ Ke5 59. Rb5 Rh1 60. Rb6 h5 61. Kd2 h4 62. Rh6 h3 63. Rh5+ Kd6 64. Rh4 Be6 65. Rxf4 Ra1 66. Rh4 Ra2+ 67. Ke3 Ke5 68. f4+ Kf6 69. Bd3 Ra3 70. Kd4 Bf5 71. Rh6+ Kg7 72. Rxh3 Bxh3 73. Bc4 Be6 0-1


[Site "https://www.chess.com"]

[Event "Titled Tuesday Blitz March 21 Early 2023"]
[White "Mikhailovsky, Vladimir"]
[Black "Raahul V S"]
[WhiteFideId "34105414"]
[BlackFideId "25035525"]
[WhiteElo "2293"]
[BlackElo "2168"]
[Result "1/2-1/2"]
[Round "05"]
[TimeControl "180+2"]
[Date "2023.03.21"]
[WhiteClock "0:00:04"]
[BlackClock "0:00:18"]

1. e4 e5 2. Nf3 Nc6 3. Nc3 Nf6 4. Bb5 Bb4 5. O-O O-O 6. d3 d6 7. Bxc6 bxc6 8. Ne2 Nh5 9. c3 Ba5 10. a4 c5 11. Ng3 Nxg3 12. fxg3 Rb8 13. Nh4 d5 14. Qe2 f6 15. g4 Ba6 16. Rf3 dxe4 17. Qxe4 Bb7 18. Qc4+ Bd5 19. Qa6 Bxf3 20. Nxf3 c6 21. Nd2 Bb6 22. a5 Bc7 23. Qxc6 f5 24. gxf5 Rxf5 25. Nf3 Qd6 26. Qe4 Rff8 27. Qc4+ Kh8 28. Ng5 e4 29. g3 exd3 30. Bf4 Rxf4 31. gxf4 Qxf4 32. Nf7+ Kg8 33. Nh6+ Kh8 34. Nf7+ Kg8 35. Nh6+ Kh8 36. Nf7+ 1/2-1/2


[Site "https://www.chess.com"]

[Event "Titled Tuesday Blitz March 21 Early 2023"]
[White "TheKnightOfBosnia"]
[Black "Hayrapetyan, Hovik"]
[BlackFideId "13302639"]
[WhiteElo "2528"]
[BlackElo "2348"]
[Result "0-1"]
[Round "05"]
[TimeControl "180+2"]
[Date "2023.03.21"]
[WhiteClock "0:00:04"]
[BlackClock "0:00:23"]

1. e4 c5 2. Nf3 d6 3. Bb5+ Nd7 4. d4 cxd4 5. Qxd4 a6 6. Bxd7+ Bxd7 7. Nc3 Nf6 8. O-O e6 9. Bg5 Be7 10. Rad1 Qc7 11. e5 dxe5 12. Nxe5 Rd8 13. Rfe1 Bc8 14. Qa4+ b5 15. Rxd8+ Bxd8 16. Qh4 O-O 17. Ng4 Nxg4 18. Bxd8 Rxd8 19. Qxg4 Bb7 20. Rd1 Rxd1+ 21. Qxd1 b4 22. Ne2 h5 23. Nd4 Qd6 24. Qd3 Qd5 25. f3 Qxa2 26. Nb3 Qxb2 27. Qd8+ Kh7 28. Qd3+ f5 29. Nd4 Bc8 30. g4 hxg4 31. fxg4 Qc3 32. Qd1 Qe3+ 33. Kf1 Qf4+ 34. Kg1 Qxg4+ 35. Qxg4 fxg4 36. Kf2 Bd7 37. Nb3 Kg6 38. Kg3 Ba4 39. Nd4 e5 0-1


[Site "https://www.chess.com"]

[Event "Titled Tuesday Blitz March 21 Early 2023"]
[White "Degenbaev, Aziz"]
[Black "Fier, Alexandr"]
[WhiteFideId "13802640"]
[BlackFideId "2107139"]
[WhiteElo "2152"]
[BlackElo "2610"]
[Result "0-1"]
[Round "05"]
[TimeControl "180+2"]
[Date "2023.03.21"]
[WhiteClock "0:00:05"]
[BlackClock "0:01:40"]

1. e4 Nf6 2. e5 Nd5 3. d4 d6 4. Nf3 Nc6 5. c4 Nb6 6. e6 fxe6 7. Nc3 g6 8. h4 Bg7 9. h5 e5 10. d5 Nd4 11. Nxd4 exd4 12. Ne4 Bf5 13. Ng3 Qd7 14. a4 a5 15. Bd2 O-O 16. Be2 e5 17. dxe6 Qxe6 18. O-O Nxc4 19. Nxf5 gxf5 20. Bxc4 Qxc4 21. h6 Be5 22. f4 Bf6 23. Qh5 Qd5 24. g4 Kh8 25. g5 Rae8 26. Rae1 Qg8 27. Kh2 Bd8 28. Rg1 Qg6 29. Qf3 Re4 30. Rxe4 fxe4 31. Qb3 e3 32. Be1 Qh5+ 33. Kg3 Bxg5 34. fxg5 Rf3+ 35. Kg2 Qh3# 0-1


[Site "https://www.chess.com"]

[Event "Titled Tuesday Blitz March 21 Early 2023"]
[White "Janaszak, Dawid"]
[Black "Kilic, Eray"]
[WhiteFideId "1119206"]
[BlackFideId "44517173"]
[WhiteElo "2220"]
[BlackElo "2328"]
[Result "0-1"]
[Round "05"]
[TimeControl "180+2"]
[Date "2023.03.21"]
[WhiteClock "0:00:12"]
[BlackClock "0:01:02"]

1. d4 Nf6 2. c4 g6 3. g3 Bg7 4. Bg2 O-O 5. Nf3 d5 6. cxd5 Nxd5 7. O-O Nb6 8. Nc3 Nc6 9. Bf4 Nxd4 10. Nxd4 Bxd4 11. Nb5 e5 12. Bh6 Re8 13. Nxd4 Qxd4 14. Qc1 Qc4 15. Qg5 Qe6 16. Rac1 c6 17. Rfd1 f6 18. Qh4 Qf7 19. Rd6 Be6 20. Rcd1 g5 21. Qb4 Qg6 22. a4 Qxh6 23. a5 Nd5 24. Qxb7 Bf7 25. Qxc6 Rac8 26. Qa6 Nc7 27. Qxa7 Nb5 28. Qb6 Nxd6 29. Qxd6 g4 30. Bc6 Red8 31. Qxd8+ Rxd8 32. Rxd8+ Kg7 33. Rd1 f5 34. Bb7 Bc4 35. Rd7+ Kf8 36. Rc7 Qc1+ 37. Kg2 Bd5+ 0-1


[Site "https://www.chess.com"]

[Event "Titled Tuesday Blitz March 21 Early 2023"]
[White "Hirneise, Jens"]
[Black "Gukesh D"]
[WhiteFideId "24614734"]
[BlackFideId "46616543"]
[WhiteElo "2345"]
[BlackElo "2612"]
[Result "0-1"]
[Round "05"]
[TimeControl "180+2"]
[Date "2023.03.21"]
[WhiteClock "0:01:08"]
[BlackClock "0:00:51"]

1. c4 c5 2. Nc3 g6 3. d4 cxd4 4. Qxd4 Nf6 5. g3 Nc6 6. Qd2 Bg7 7. Bg2 O-O 8. Nh3 a6 9. O-O Rb8 10. Rd1 Na5 11. b3 b5 12. cxb5 axb5 13. Bb2 e6 14. e4 b4 15. Na4 d5 16. exd5 exd5 17. Nf4 Bg4 18. Re1 Ne4 19. Bxe4 dxe4 20. Qxd8 Rfxd8 21. Bxg7 Kxg7 22. Rxe4 Rd2 23. h3 Bf5 24. Re2 Rbd8 25. g4 Bc8 26. Rae1 R2d4 27. Re4 Bb7 28. Re7 Rxf4 29. Rxb7 Nxb7 0-1


[Site "https://www.chess.com"]

[Event "Titled Tuesday Blitz March 21 Early 2023"]
[White "Pakleza, Zbigniew"]
[Black "Lehtosaari, Mauri"]
[WhiteFideId "1119290"]
[BlackFideId "501999"]
[WhiteElo "2410"]
[BlackElo "2521"]
[Result "1-0"]
[Round "05"]
[TimeControl "180+2"]
[Date "2023.03.21"]
[WhiteClock "0:00:12"]
[BlackClock "0:00:02"]

1. d4 d5 2. Bf4 c5 3. e3 Nc6 4. c3 Nf6 5. Nd2 Qb6 6. Qb3 c4 7. Qxb6 axb6 8. a3 b5 9. Rc1 Bf5 10. h3 e6 11. g4 Bg6 12. Bg2 h6 13. Ne2 Be7 14. O-O O-O 15. Rfe1 Nd7 16. Bh2 Nb6 17. e4 dxe4 18. Bxe4 Bxe4 19. Nxe4 Nd5 20. Bd6 Rad8 21. Bxe7 Ncxe7 22. Kg2 Ng6 23. Kg3 b6 24. Nd2 f5 25. a4 fxg4 26. axb5 gxh3 27. Nxc4 Rf5 28. Ne3 Rg5+ 29. Kh2 Rf8 30. Rf1 Rf3 31. Ng1 Rf8 32. Nxh3 Rh5 33. Nxd5 exd5 34. Kg3 Rh4 35. Rce1 h5 36. f3 Rf5 37. Re2 Kh7 38. Rfe1 Rf6 39. Re8 Rxh3+ 40. Kxh3 Rxf3+ 41. Kg2 Nh4+ 42. Kg1 Rg3+ 43. Kh1 Rf3 44. R8e5 Rh3+ 45. Kg1 Rg3+ 46. Kf2 Rg2+ 47. Kf1 g6 48. R1e2 Rg3 49. Rxd5 Nf5 50. Rd7+ Kh6 51. d5 Rh3 52. Ke1 Rh1+ 53. Kd2 Rh3 54. d6 Rf3 55. Rh7+ Kxh7 56. d7 Nd6 57. d8=Q Nc4+ 58. Kc2 1-0


[Site "https://www.chess.com"]

[Event "Titled Tuesday Blitz March 21 Early 2023"]
[White "Nazari, Arad"]
[Black "Sonnenschein, Philipp"]
[WhiteFideId "12577324"]
[BlackFideId "16250877"]
[WhiteElo "2313"]
[BlackElo "2224"]
[Result "1-0"]
[Round "05"]
[TimeControl "180+2"]
[Date "2023.03.21"]
[WhiteClock "0:00:15"]
[BlackClock "0:00:02"]

1. e4 c5 2. Nf3 Nc6 3. Bb5 e6 4. O-O Nge7 5. d4 cxd4 6. Nxd4 Nxd4 7. Qxd4 Nc6 8. Qd1 Bc5 9. b3 Qf6 10. c3 O-O 11. Bb2 d5 12. Nd2 Rd8 13. Qc2 Ne5 14. Be2 Bd7 15. Nf3 Nxf3+ 16. Bxf3 Bc6 17. exd5 exd5 18. Rad1 Rac8 19. Qd3 Bd6 20. g3 Be5 21. Rfe1 Bb5 22. Qxb5 Qxf3 23. Rd3 Qf6 24. Rxd5 Rxd5 25. Qxd5 Bxc3 26. Qxb7 Rf8 27. Bxc3 Qxc3 28. Qe4 Qc5 29. Kg2 g6 30. Re2 Rd8 31. h4 Qd5 32. Qxd5 Rxd5 33. Re4 Ra5 34. a4 Kf8 35. Rb4 Ke7 36. Rb7+ Ke6 37. Kf3 a6 38. Ke4 Rc5 39. Rb6+ Ke7 40. Rxa6 Rc2 41. b4 Rxf2 42. b5 Rb2 43. b6 f5+ 44. Kf4 Rb4+ 45. Kf3 Kd6 46. a5 Ke5 47. Ra7 Rb3+ 48. Kg2 f4 49. Re7+ Kf6 50. Rxh7 fxg3 51. b7 Kf5 52. Rg7 Kf4 53. a6 Rb2+ 54. Kg1 Kf3 55. Rf7+ Kg4 56. a7 Kh3 57. b8=Q Rxb8 58. axb8=Q g2 59. Qh2+ 1-0


[Site "https://www.chess.com"]

[Event "Titled Tuesday Blitz March 21 Early 2023"]
[White "Basso, Pier Luigi"]
[Black "Rom, Jasper"]
[WhiteFideId "866970"]
[BlackFideId "2023733"]
[WhiteElo "2438"]
[BlackElo "2233"]
[Result "1-0"]
[Round "05"]
[TimeControl "180+2"]
[Date "2023.03.21"]
[WhiteClock "0:01:49"]
[BlackClock "0:00:28"]

1. d4 d5 2. c4 e6 3. Nf3 c6 4. Bg5 Qb6 5. Qd2 Nd7 6. e3 a5 7. Nc3 Ngf6 8. Bd3 Bb4 9. O-O dxc4 10. Bxc4 Ne4 11. Qc2 Nxg5 12. Nxg5 Nf6 13. Nce4 Nd5 14. a3 Be7 15. Bd3 h6 16. Nf3 O-O 17. Rac1 Bd7 18. Ne5 Be8 19. Nc5 Bxc5 20. dxc5 Qc7 21. Nc4 f5 22. e4 Nf4 23. exf5 Nxd3 24. Qxd3 exf5 25. Rfe1 Bf7 26. Nd6 Bd5 27. Re5 f4 28. Rce1 Qd7 29. f3 Rf6 30. Re7 Qd8 31. Re8+ 1-0


[Site "https://www.chess.com"]

[Event "Titled Tuesday Blitz March 21 Early 2023"]
[White "Krysa, Leandro"]
[Black "Horak, Martin"]
[WhiteFideId "116807"]
[BlackFideId "367095"]
[WhiteElo "2485"]
[BlackElo "2091"]
[Result "1-0"]
[Round "05"]
[TimeControl "180+2"]
[Date "2023.03.21"]
[WhiteClock "0:00:51"]
[BlackClock "0:00:12"]

1. e4 c5 2. Nf3 Nc6 3. d4 cxd4 4. Nxd4 Nf6 5. Nc3 e5 6. Ndb5 d6 7. Nd5 Nxd5 8. exd5 Nb8 9. g4 Be7 10. Be3 a6 11. Nc3 O-O 12. h4 f5 13. gxf5 Bxf5 14. Bd3 Nd7 15. Bxf5 Rxf5 16. Qg4 Rf7 17. O-O-O Nf6 18. Qg2 b5 19. Kb1 b4 20. Ne4 Nxe4 21. Qxe4 Qd7 22. Rhg1 a5 23. h5 Qf5 24. Qxf5 Rxf5 25. h6 g6 26. Rg4 Rc8 27. Rd3 Rff8 28. a3 bxa3 29. Rxa3 Bd8 30. Rb3 Rf7 31. c3 Rfc7 32. Rb5 Rf7 33. Ka2 Kf8 34. Kb3 Ke8 35. Rc4 Rfc7 36. Rxc7 Rxc7 37. Rb8 Rd7 38. Bg5 1-0


[Site "https://www.chess.com"]

[Event "Titled Tuesday Blitz March 21 Early 2023"]
[White "Omelja, Artem"]
[Black "Karthik Rajaa"]
[WhiteFideId "14119846"]
[BlackFideId "25035215"]
[WhiteElo "2404"]
[BlackElo "2215"]
[Result "1/2-1/2"]
[Round "05"]
[TimeControl "180+2"]
[Date "2023.03.21"]
[WhiteClock "0:00:05"]
[BlackClock "0:00:13"]

1. e4 c6 2. d3 d5 3. Nd2 e5 4. Ngf3 Bd6 5. c3 Nf6 6. Qc2 O-O 7. a4 a5 8. Be2 Re8 9. O-O Nbd7 10. Re1 Nc5 11. Bf1 Bg4 12. h3 Bh5 13. exd5 cxd5 14. d4 Bg6 15. Qd1 exd4 16. Rxe8+ Qxe8 17. Nxd4 Nce4 18. N2f3 Bc5 19. Be3 b6 20. Bd3 Nd6 21. Be2 Nc4 22. Bc1 Rc8 23. b3 Nd6 24. Bf4 Nde4 25. Rc1 Ba3 26. Bb5 Qf8 27. c4 Bxc1 28. Bxc1 Nc3 29. Qe1 Nxb5 30. cxb5 Be4 31. Nc6 Re8 32. Be3 Bxf3 33. gxf3 d4 34. Nxd4 Nd5 35. Nc6 Nxe3 36. fxe3 Qc5 37. Kf2 Qc2+ 38. Qe2 Qxb3 39. Qd2 h6 40. Qd4 Qc2+ 41. Kg3 Re6 42. e4 Rg6+ 43. Kf4 Qh2+ 44. Ke3 Rd6 45. Qc3 Qg1+ 46. Ke2 Qd1+ 47. Ke3 Qg1+ 48. Ke2 Rd1 49. Ne5 Qf1+ 50. Ke3 Re1+ 51. Kf4 Qf2 52. Qc8+ Kh7 53. Qf5+ Kh8 54. Qc8+ Kh7 55. Qf5+ Kh8 56. Nxf7+ Kg8 57. Nxh6+ gxh6 58. Qg6+ Kf8 59. Qf6+ Kg8 60. Qg6+ Kf8 61. Qf6+ Kg8 62. Qg6+ 1/2-1/2


[Site "https://www.chess.com"]

[Event "Titled Tuesday Blitz March 21 Early 2023"]
[White "Nguyen Hong Nhung"]
[Black "Liyanage, Ranindu Dilshan"]
[WhiteFideId "12412201"]
[BlackFideId "9915834"]
[WhiteElo "1904"]
[BlackElo "2199"]
[Result "0-1"]
[Round "05"]
[TimeControl "180+2"]
[Date "2023.03.21"]
[WhiteClock "0:00:06"]
[BlackClock "0:00:15"]

1. e4 g6 2. d4 Bg7 3. Nc3 d6 4. f4 Nf6 5. Nf3 O-O 6. Bd3 Na6 7. Bxa6 bxa6 8. e5 dxe5 9. fxe5 Nd5 10. Ne4 Bf5 11. Qe2 c5 12. Nxc5 Nb4 13. Nd3 Nxd3+ 14. cxd3 Qa5+ 15. Bd2 Qb5 16. Bc3 Bxd3 17. Qe3 Bf5 18. Qe2 Bd3 19. Qe3 a5 20. Kf2 Rfc8 21. Rhd1 Bc4 22. Kg1 a4 23. a3 Bd5 24. Rf1 a5 25. Ng5 h6 26. Ne4 Qc6 27. Rae1 Rab8 28. Rf2 Rb3 29. Nc5 Rb5 30. Nxa4 e6 31. Nc5 Bf8 32. Ref1 Rc7 33. Qd2 Bxc5 34. dxc5 Rxc5 35. Qxh6 Rd7 36. Bd2 Rc2 37. Bg5 Rxf2 38. Rxf2 Bxg2 39. Rxg2 Rd1+ 40. Kf2 Qc2+ 41. Kf3 Rd3+ 42. Be3 Qd1+ 43. Ke4 Rb3 44. Rxg6+ fxg6 45. Qxg6+ Kh8 46. Qh6+ Kg8 47. Qxe6+ Kh7 48. Qf7+ Kh8 49. Qf8+ Kh7 50. Qh6+ Kg8 51. Qg6+ Kh8 52. Qe8+ Kh7 53. Qf7+ Kh8 54. Qf6+ Kg8 55. Qg5+ Kf7 56. Qf4+ Ke8 57. e6 Qc2+ 58. Ke5 Qxb2+ 59. Kf5 Qc2+ 60. Kf6 Qc3+ 61. Qe5 Qxe5+ 62. Kxe5 Rxe3+ 63. Kf6 Rh3 64. Ke5 Rxh2 65. Kd6 Ra2 66. Kc5 Rxa3 67. Kb6 Re3 0-1


[Site "https://www.chess.com"]

[Event "Titled Tuesday Blitz March 21 Early 2023"]
[White "Preotu, Razvan"]
[Black "Pham, Le Thao Nguyen"]
[WhiteFideId "2613280"]
[BlackFideId "12401226"]
[WhiteElo "2407"]
[BlackElo "2282"]
[Result "1-0"]
[Round "05"]
[TimeControl "180+2"]
[Date "2023.03.21"]
[WhiteClock "0:00:06"]
[BlackClock "0:00:11"]

1. e4 c6 2. Nc3 d5 3. Nf3 dxe4 4. Nxe4 Nf6 5. Qe2 Nxe4 6. Qxe4 Qa5 7. b4 Qf5 8. Qe3 Qe6 9. Be2 Qxe3 10. fxe3 f6 11. d4 e5 12. a3 exd4 13. exd4 Bd6 14. c4 O-O 15. Kf2 Be6 16. Re1 Bf7 17. Nd2 Rd8 18. Ne4 Bf8 19. Be3 Nd7 20. g4 a5 21. c5 Re8 22. Nc3 g6 23. Bf3 Bg7 24. b5 Rac8 25. bxc6 bxc6 26. Rab1 f5 27. gxf5 Nxc5 28. dxc5 Bxc3 29. Rec1 Be5 30. Rb6 gxf5 31. Rg1+ Kh8 32. Bxc6 f4 33. Bxe8 fxe3+ 34. Kxe3 Rxe8 35. Kd3 Rd8+ 36. Ke4 Bc7 37. Rf6 Re8+ 38. Kd3 Bd5 39. c6 Be5 40. Re1 Kg7 41. Rf5 Bxc6 42. Rfxe5 Rd8+ 43. Kc3 a4 44. Re7+ Kf8 45. Rxh7 Bd5 46. Rh8+ Bg8 47. Rg1 Kf7 48. Rgxg8 Rxg8 49. Rxg8 Kxg8 50. Kb4 1-0


[Site "https://www.chess.com"]

[Event "Titled Tuesday Blitz March 21 Early 2023"]
[White "Villalba, Marcelo"]
[Black "Larino Nieto, David"]
[WhiteFideId "3701859"]
[BlackFideId "2256444"]
[WhiteElo "2191"]
[BlackElo "2506"]
[Result "1-0"]
[Round "05"]
[TimeControl "180+2"]
[Date "2023.03.21"]
[WhiteClock "0:00:24"]
[BlackClock "0:00:17"]

1. e4 e6 2. d4 a6 3. Nd2 Ne7 4. Bd3 b6 5. Ngf3 Bb7 6. O-O d6 7. Qe2 Nd7 8. Re1 h6 9. c3 g5 10. Nf1 Ng6 11. Ng3 g4 12. Nd2 h5 13. Qd1 h4 14. Ne2 g3 15. hxg3 hxg3 16. Nxg3 c5 17. Nf3 Qc7 18. Bg5 Be7 19. e5 dxe5 20. Bxg6 fxg6 21. Bxe7 Kxe7 22. Nxe5 Nxe5 23. Rxe5 Kf7 24. Qg4 Qc6 25. Ne4 cxd4 26. Rxe6 Qd5 27. Qxg6+ Kf8 28. Rf6+ Ke7 29. Qg7+ Kd8 30. Rd6+ 1-0


[Site "https://www.chess.com"]

[Event "Titled Tuesday Blitz March 21 Early 2023"]
[White "Hamitevici, Vladimir"]
[Black "Santos Flores, Alberto"]
[WhiteFideId "13902393"]
[BlackFideId "3601234"]
[WhiteElo "2401"]
[BlackElo "2235"]
[Result "0-1"]
[Round "05"]
[TimeControl "180+2"]
[Date "2023.03.21"]
[WhiteClock "0:00:01"]
[BlackClock "0:00:10"]

1. a3 e5 2. c4 Nf6 3. d3 c5 4. g3 d5 5. cxd5 Nxd5 6. Bg2 Nc6 7. Nc3 Be6 8. Nf3 Be7 9. Ng5 Bxg5 10. Bxg5 Nxc3 11. Bxd8 Nxd1 12. Bg5 Nxb2 13. Rb1 Na4 14. Rxb7 Rc8 15. Bxc6+ Rxc6 16. Re7+ Kf8 17. Rxa7 Nb6 18. O-O h6 19. Be3 Nd5 20. Ra8+ Bc8 21. Bd2 Ke7 22. Rc1 Rd8 23. Ba5 Re8 24. e4 Nf6 25. Bb4 Nd7 26. Ra7 Kd6 27. Bd2 Ra6 28. Rxa6+ Bxa6 29. Rc3 Ra8 30. f4 f6 31. Be3 Rc8 32. Kf2 Bb7 33. g4 c4 34. g5 hxg5 35. fxg5 cxd3 36. Rxd3+ Ke6 37. gxf6 Bxe4 38. Rb3 gxf6 39. a4 Bd5 40. Ra3 Ra8 41. a5 Bc4 42. h4 f5 43. h5 f4 44. Bc1 Kf5 45. h6 Nf6 46. Rc3 Bd5 47. Ra3 e4 48. a6 e3+ 49. Bxe3 fxe3+ 50. Kxe3 Bc4 51. a7 Bd5 52. Kd4 Ke6 53. Ra6+ Ke7 54. h7 Bb7 55. Rb6 Nxh7 56. Rxb7+ Kd6 57. Rxh7 Kc6 0-1


[Site "https://www.chess.com"]

[Event "Titled Tuesday Blitz March 21 Early 2023"]
[White "Ratsma, Midas"]
[Black "Bronstein, Or"]
[WhiteFideId "1032283"]
[BlackFideId "2815770"]
[WhiteElo "2172"]
[BlackElo "2356"]
[Result "0-1"]
[Round "05"]
[TimeControl "180+2"]
[Date "2023.03.21"]
[WhiteClock "0:00:54"]
[BlackClock "0:00:15"]

1. e4 c5 2. c3 d6 3. d4 Nf6 4. Bd3 g6 5. Nf3 Bg7 6. O-O O-O 7. h3 Nc6 8. d5 Na5 9. b3 Bd7 10. Nbd2 b5 11. Qe2 a6 12. Rd1 e6 13. dxe6 Bxe6 14. e5 dxe5 15. Nxe5 Qc7 16. Ndf3 Nd5 17. Bb2 c4 18. bxc4 Nf4 19. Qe4 Nxd3 20. Rxd3 Bf5 21. Qh4 Bxd3 22. Nxd3 Qxc4 23. Nf4 h6 24. Re1 Rae8 25. Rd1 g5 26. Nxg5 hxg5 27. Qxg5 Re5 28. Qg3 Rf5 29. Rd4 Qc6 30. c4 Kh7 31. Rd6 Bxb2 32. Rxc6 Nxc6 33. Qd3 Nd4 34. g4 bxc4 35. Qe4 Re8 36. Qxe8 Rxf4 37. Qe5 Nf3+ 0-1


[Site "https://www.chess.com"]

[Event "Titled Tuesday Blitz March 21 Early 2023"]
[White "Korchmar, Vasiliy"]
[Black "Shapiro, Viktor"]
[WhiteFideId "24131750"]
[BlackFideId "4175700"]
[WhiteElo "2370"]
[BlackElo "2152"]
[Result "1-0"]
[Round "05"]
[TimeControl "180+2"]
[Date "2023.03.21"]
[WhiteClock "0:02:09"]
[BlackClock "0:01:04"]

1. e4 Nf6 2. e5 Nd5 3. d4 d6 4. Nf3 Bg4 5. h3 Bh5 6. g4 Bg6 7. Bg2 e6 8. O-O Nc6 9. exd6 cxd6 10. c4 Nb6 11. d5 Na5 12. dxe6 fxe6 13. Nd4 e5 14. Ne6 Qd7 15. Nxf8 Rxf8 16. b3 O-O-O 17. Nc3 Nc6 18. Ba3 h5 19. Nb5 hxg4 20. Qxd6 gxh3 21. Bxh3 Bf5 22. Qxd7+ Bxd7 23. Bxd7+ Rxd7 24. Bxf8 1-0


[Site "https://www.chess.com"]

[Event "Titled Tuesday Blitz March 21 Early 2023"]
[White "Darini, Pouria"]
[Black "Staudenhocker43"]
[WhiteFideId "12502200"]
[WhiteElo "2482"]
[BlackElo "2492"]
[Result "1/2-1/2"]
[Round "05"]
[TimeControl "180+2"]
[Date "2023.03.21"]
[WhiteClock "0:00:10"]
[BlackClock "0:00:16"]

1. e4 c5 2. Nc3 Nc6 3. Bb5 Nd4 4. Nf3 Nxb5 5. Nxb5 a6 6. Nc3 e6 7. d4 cxd4 8. Qxd4 Ne7 9. Bg5 Nc6 10. Qd2 Qa5 11. O-O Bb4 12. Bf4 Bxc3 13. bxc3 d5 14. exd5 Qxd5 15. Qxd5 exd5 16. Rfe1+ Be6 17. a4 O-O-O 18. Rab1 Rhe8 19. Nd4 Nxd4 20. cxd4 Bd7 21. a5 Rxe1+ 22. Rxe1 Re8 23. Be3 Bb5 24. f3 Kd7 25. Bd2 Rxe1+ 26. Bxe1 Ba4 27. c3 Bb5 28. Kf2 Ke6 29. Ke3 Bf1 30. Kf2 Bc4 31. g4 h6 32. Ke3 f5 33. Bg3 g5 34. gxf5+ Kxf5 35. Bc7 h5 36. Bd6 Bb5 37. Be7 h4 38. Bd8 Ba4 39. Be7 Bd1 40. Kf2 Kf4 41. Bd6+ Kf5 42. Be7 Kg6 43. Bd6 Kf6 44. Ke3 Ke6 45. Bc7 Kf5 46. Bd6 g4 47. fxg4+ Kxg4 48. Be7 Ba4 49. Bd8 Bb5 50. Be7 Bc4 51. Bf6 Bb5 52. Kd2 Kh3 53. Ke3 Kxh2 54. Bg5 h3 55. Kf2 Kh1 56. Bf4 h2 57. Bg3 Bc4 58. Be5 Bb5 59. Bc7 Bc4 60. Bd6 Bb5 61. Bf4 Bc4 62. Bc1 Bb5 63. Bb2 Bc4 64. Ba3 Bb5 65. Be7 Bc4 66. Bg5 Bb5 67. Bh4 Bc4 68. Bg3 Bb5 69. Bf4 Bc6 70. Be3 Bb5 71. Kg3 Bc6 72. Bf2 Bb5 73. Kh3 Bd7+ 74. Kg3 Bc6 75. Kf3 Ba4 76. Kg3 Bd1 77. Be3 Bb3 78. Kh3 Bc4 79. Bf4 Bf1+ 80. Kg3 Kg1 81. Be3+ Kh1 82. Bf4 Kg1 83. Be3+ Kh1 84. Kf2 Bc4 85. Bf4 Bb5 86. Bg3 Bc4 87. Be5 Bb5 88. Bf4 1/2-1/2


[Site "https://www.chess.com"]

[Event "Titled Tuesday Blitz March 21 Early 2023"]
[White "Salimova, Nurgyul"]
[Black "Eynullayev, Atilla"]
[WhiteFideId "2915138"]
[BlackFideId "13413570"]
[WhiteElo "2314"]
[BlackElo "2181"]
[Result "1-0"]
[Round "05"]
[TimeControl "180+2"]
[Date "2023.03.21"]
[WhiteClock "0:00:12"]
[BlackClock "0:00:02"]

1. d4 Nf6 2. Nf3 d5 3. Bf4 e6 4. e3 c5 5. Nbd2 Nc6 6. c3 cxd4 7. exd4 Nh5 8. Be3 Bd6 9. g3 O-O 10. Bd3 f5 11. Ne5 Nf6 12. Bf4 Qc7 13. Qe2 Ne4 14. f3 Nf6 15. O-O Nh5 16. Rae1 Nxf4 17. gxf4 Nd8 18. Kh1 Bd7 19. Rg1 Be8 20. Rg2 Bh5 21. Reg1 g6 22. Qf2 Qe7 23. Nf1 Bxe5 24. fxe5 f4 25. Rg5 Kh8 26. h4 Nc6 27. Nh2 Rf7 28. Ng4 Raf8 29. Nf6 Rxf6 30. exf6 Rxf6 31. Qg2 Qf7 32. Qf2 Nd8 33. Re1 Qf8 34. Rge5 Nf7 35. Rxe6 Rxe6 36. Rxe6 Qd8 37. Kg2 Kg7 38. Qe2 Qxh4 39. Qf2 Qg5+ 40. Kf1 1-0


[Site "https://www.chess.com"]

[Event "Titled Tuesday Blitz March 21 Early 2023"]
[White "De Silva, L M S T"]
[Black "Ben Artzi, Ido"]
[WhiteFideId "9953698"]
[BlackFideId "2810913"]
[WhiteElo "2403"]
[BlackElo "2204"]
[Result "0-1"]
[Round "05"]
[TimeControl "180+2"]
[Date "2023.03.21"]
[WhiteClock "0:01:13"]
[BlackClock "0:01:19"]

1. c4 g6 2. Nc3 c5 3. e4 Bg7 4. Nge2 Nc6 5. g3 d6 6. Bg2 Nf6 7. O-O O-O 8. d3 a6 9. h3 Rb8 10. a4 Bd7 11. g4 Ne8 12. f4 Nc7 13. f5 b5 14. axb5 axb5 15. Be3 bxc4 16. dxc4 Rxb2 17. Qc1 Qb8 18. Bh6 Qb3 19. Bxg7 Kxg7 20. Qf4 Qxc4 21. f6+ exf6 22. Qxf6+ Kg8 23. Qxd6 Nd4 24. Nf4 Qxc3 25. Qxd7 Qg3 26. Rae1 Nce6 0-1


[Site "https://www.chess.com"]

[Event "Titled Tuesday Blitz March 21 Early 2023"]
[White "Khamdamova, Afruza"]
[Black "Matinian, Nikita"]
[WhiteFideId "14210444"]
[BlackFideId "24129100"]
[WhiteElo "2210"]
[BlackElo "2422"]
[Result "0-1"]
[Round "05"]
[TimeControl "180+2"]
[Date "2023.03.21"]
[WhiteClock "0:00:01"]
[BlackClock "0:00:08"]

1. e4 d6 2. d4 g6 3. Nc3 Bg7 4. Be3 a6 5. Qd2 b5 6. O-O-O Bb7 7. f3 Nd7 8. h4 h5 9. Nh3 Rc8 10. Ng5 c5 11. dxc5 Nxc5 12. Kb1 Qa5 13. Bd4 Bxd4 14. Qxd4 f6 15. Be2 Na4 16. Nxa4 Qxa4 17. Qxa4 bxa4 18. Ne6 Kf7 19. Nf4 Rc5 20. Rd4 a3 21. Rb4 Bc8 22. b3 e5 23. Nd5 Ne7 24. Nb6 Be6 25. Bxa6 g5 26. Bc4 gxh4 27. Rxh4 Ng6 28. Rh1 Nf4 29. g3 Ng2 30. Bxe6+ Kxe6 31. Nc4 h4 32. gxh4 Nxh4 33. Rb6 Rg8 34. Nxa3 Nxf3 35. Rd1 Nd4 36. Nc4 Rd8 37. c3 Nc6 38. Kb2 Rxc4 39. bxc4 Na5 40. Rb4 Rc8 41. Kc1 Nxc4 42. a4 f5 43. exf5+ Kxf5 44. Rf1+ Ke4 45. Re1+ Kd3 46. Rb3 d5 47. Rd1+ Ke4 48. Re1+ Kf4 49. Rd1 d4 50. cxd4 Ne3+ 51. Kd2 Rc2+ 52. Ke1 e4 53. Rd2 Rc1+ 54. Ke2 Nc4 55. Ra2 Rh1 56. Kf2 Rh2+ 57. Kg1 Rxa2 58. d5 Nd2 59. Rh3 Nf3+ 0-1


[Site "https://www.chess.com"]

[Event "Titled Tuesday Blitz March 21 Early 2023"]
[White "Donskov, Anatoly"]
[Black "Rozman, Levy"]
[WhiteFideId "24143413"]
[BlackFideId "2039877"]
[WhiteElo "2247"]
[BlackElo "2376"]
[Result "0-1"]
[Round "05"]
[TimeControl "180+2"]
[Date "2023.03.21"]
[WhiteClock "0:00:04"]
[BlackClock "0:01:08"]

1. e4 c6 2. d4 d5 3. Nc3 a6 4. h3 g6 5. Nf3 Bg7 6. Bd3 dxe4 7. Nxe4 Nf6 8. O-O O-O 9. Nxf6+ exf6 10. Bf4 Be6 11. Re1 Re8 12. c3 Nd7 13. Qc2 Qb6 14. a4 a5 15. Nd2 c5 16. dxc5 Nxc5 17. Bb5 Bf5 18. Rxe8+ Rxe8 19. Qd1 Rd8 20. Qe2 Bf8 21. Nc4 Qe6 22. Qxe6 Nxe6 23. Be3 Bc5 24. Nxa5 Bxe3 25. fxe3 Be4 26. Nc4 Nc5 27. b4 Nb3 28. Re1 h5 29. a5 h4 30. a6 bxa6 31. Bxa6 Rd3 32. Na5 Rxc3 33. Nxb3 Rxb3 34. b5 Rb2 35. Rc1 Rxg2+ 36. Kf1 Rb2 37. Rc8+ Kg7 38. Rb8 Bg2+ 39. Ke1 Bxh3 40. b6 Bg2 41. b7 h3 0-1


[Site "https://www.chess.com"]